 Dungeon Crawl Stone Soup version 0.19.4 (webtiles) character file.

641 Jerry the Shield-Bearer (level 7, -3/52 HPs)
             Began as a Formicid Fighter on Feb 5, 2017.
             Slain by an ogre
             ... wielding a +0 giant spiked club
              (7 damage)
             ... on level 5 of the Dungeon.
             The game lasted 00:07:02 (3364 turns).

Jerry the Shield-Bearer (Formicid Fighter)          Turns: 3364, Time: 00:07:03

Health: -3/52      AC:  9    Str: 21    XL:     7   Next: 81%
Magic:  7/7        EV:  8    Int:  9    God:
Gold:   194        SH: 10    Dex: 10    Spells: 0 memorised, 6 levels left

rFire  . . .     SeeInvis +     a - +0 war axe
rCold  . . .     Gourm    .     b - +0 scale mail
rNeg   + . .     Faith    .     c - +0 shield
rPois  .         Spirit   .     (helmet unavailable)
rElec  .         Reflect  .     m - +0 cloak
rCorr  .         Harm     .     (no gloves)
MR     .....                    (no boots)
Stlth  ..........               (no amulet)
                                F - ring of positive energy
                                r - +1 ring of protection

@: no status effects
A: permanent stasis, dig shafts and tunnels, four strong arms, antennae 3
a: Dig, Shaft Self


You were on level 5 of the Dungeon.
You were not hungry.

You visited 1 branch of the dungeon, and saw 5 of its levels.

You collected 194 gold pieces.

Inventory:

Hand Weapons
 a - a +0 war axe (weapon)
Armour
 b - a +0 scale mail (worn)
 c - a +0 shield (worn)
 m - a +0 cloak (worn)
Jewellery
 r - a +1 ring of protection (left hand)
 D - an uncursed ring of flight
 F - a ring of positive energy (right hand)
Wands
 y - a wand of acid (4/15)
 A - a wand of flame (6/48)
 H - a wand of enslavement (14/24)
Scrolls
 e - 5 scrolls of fear {unknown}
 h - 5 scrolls of identify {unknown}
 j - 5 scrolls of remove curse {unknown}
 k - 2 scrolls of recharging {unknown}
 p - 2 scrolls of immolation {unknown}
 s - 3 scrolls of random uselessness {unknown}
 u - a scroll of magic mapping {unknown}
 v - a scroll of teleportation {unknown}
 I - a scroll of blinking {unknown}
Potions
 d - 2 potions of might
 i - a potion of cancellation {unknown}
 l - a potion of agility {unknown}
 o - 2 potions of haste {unknown}
 t - 2 potions of curing {unknown}
 w - a potion of lignification {unknown}
 B - 2 potions of invisibility {unknown}
 C - a potion of degeneration {unknown}
 E - a potion of flight {unknown}
 G - a potion of brilliance {unknown}
Books
 z - a book of Minor Magic

   Spells                             Type                      Level
   a - Magic Dart                     Conjuration                  1
   b - Blink                          Translocation                2
   c - Call Imp                       Summoning                    2
   d - Repel Missiles                 Charms/Air                   2
   e - Slow                           Hexes                        2
   f - Conjure Flame                  Conjuration/Fire             3
   g - Mephitic Cloud                 Conjuration/Poison/Air       3
Comestibles
 f - 2 bread rations
 g - 5 chunks of flesh
 n - 3 beef jerkies
 q - 2 meat rations
 x - 5 fruits


   Skills:
 - Level 3.2 Fighting
 * Level 5.1 Axes
 + Level 5.9 Armour
 + Level 6.4 Shields


You had 6 spell levels left.
You didn't know any spells.

Dungeon Overview and Level Annotations

Branches:
Dungeon (5/15)
 Temple: D:4-7

Altars:
Ashenzari
Cheibriados
Trog

Shops:
D:4 [


Innate Abilities, Weirdness & Mutations

You are under a permanent stasis effect.
You can dig through walls and to a lower floor.
Your four strong arms can wield two-handed weapons with a shield.
You have a pair of large antennae on your head. (SInv)


Message History

You hit the ogre.
The ogre is moderately wounded.
The ogre hits you but does no damage.
You hit the ogre.
The ogre is moderately wounded.
The ogre hits you with a giant spiked club!!
* * * LOW HITPOINT WARNING * * *
You are too injured to fight recklessly!
You are too injured to fight recklessly!
You are too injured to fight recklessly!
You closely miss the ogre.
The ogre is moderately wounded.
The ogre hits you but does no damage.
You slash the ogre!
The ogre is severely wounded.
You block the ogre's attack.
You hit the ogre.
The ogre is severely wounded.
The ogre hits you with a giant spiked club!
You die...

######.####.#########
...........{....
..######.#######.
................
.#######.###.#.. #..#
.# ##.##.# #.O#.#
##@#.# #.#.# #.).#
##..# +.....# ###...#
....# ##.#.# #. ..


You could see an ogre.

Vanquished Creatures
  A phantom (D:4)
  An ogre (D:4)
  A centaur (D:5)
  A howler monkey (D:5)
  A hound (D:5)
  2 orc priests
  4 orc wizards
  A worker ant (D:4)
  5 adders
  An ooze (D:3)
  2 worms
  4 dart slugs
  3 leopard geckos
  6 orcs
  5 giant cockroaches
  6 goblins
  4 hobgoblins
  7 kobolds
  2 quokkas (D:4)
  5 ball pythons
  6 bats
  3 frilled lizards
  A jackal skeleton (D:4)
  8 rats
80 creatures vanquished.

Notes
Turn   | Place    | Note
-------+----------+-------------------------------------------
     0 | D:1      | Jerry the Formicid Fighter began the quest for the Orb.
     0 | D:1      | Reached XP level 1. HP: 18/18 MP: 1/1
    25 | D:1      | Reached XP level 2. HP: 22/24 MP: 2/2
   226 | D:1      | Reached XP level 3. HP: 29/29 MP: 3/3
   515 | D:2      | Reached skill level 4 in Shields
   542 | D:2      | Found a bloodstained altar of Trog.
   768 | D:2      | Found a snail-covered altar of Cheibriados.
   769 | D:2      | Found a shattered altar of Ashenzari.
  1222 | D:3      | Reached XP level 4. HP: 29/35 MP: 4/4
  1387 | D:3      | Reached XP level 5. HP: 41/41 MP: 5/5
  1662 | D:3      | Reached skill level 5 in Shields
  2119 | D:4      | Reached XP level 6. HP: 47/47 MP: 6/6
  2242 | D:4      | Found Zemiekae's Antique Armour Shoppe.
  2265 | D:4      | Noticed an ogre
  2271 | D:4      | Killed an ogre
  2271 | D:4      | Reached skill level 5 in Armour
  2429 | D:4      | Noticed a phantom
  2493 | D:4      | Killed a phantom
  2493 | D:4      | Reached XP level 7. HP: 40/52 MP: 7/7
  2630 | D:4      | Reached skill level 6 in Shields
  3096 | D:5      | Entered Level 5 of the Dungeon
  3222 | D:5      | Reached skill level 5 in Axes
  3364 | D:5      | Slain by an ogre

Skill      XL: |  1  2  3  4  5  6  7 |
---------------+----------------------+-----
Armour         | 4 5 |  5.9
Shields        | 4 5 6 |  6.4
Axes           | 3 4 5 |  5.1
Fighting       | |  3.2

Action                   |  1- 3 |  4- 6 |  7- 9 || total
-------------------------+-------+-------+-------++-------
Melee: War axe           |   114 |   140 |    75 ||   329
  Eat: Chunk             |     1 |     4 |     4 ||     9
Armor: Scale mail        |    54 |    62 |    26 ||   142
Dodge: Dodged            |    41 |    44 |    24 ||   109
Block: Shield            |    72 |    81 |    49 ||   202
